 Dungeon Crawl Stone Soup version 0.19.0 (webtiles) character file.

292 Jraekied the Shooter (level 6, -4/47 HPs)
             Began as a Demonspawn Hunter on Nov 18, 2016.
             Killed by divine providence
             ... invoked by an orc priest
              (16 damage)
             ... on level 4 of the Dungeon.
             The game lasted 00:09:36 (3105 turns).

Jraekied the Shooter (Demonspawn Hunter)            Turns: 3105, Time: 00:09:38

Health: -4/47      AC: 11    Str: 13    XL:     6   Next: 10%
Magic:  6/6        EV: 16    Int: 12    God:
Gold:   121        SH:  0    Dex: 20    Spells: 0 memorised, 5 levels left

rFire  . . .     SeeInvis .     a - +2 shortbow
rCold  + . .     Gourm    .     v - +2 ring mail {rC+}
rNeg   . . .     Faith    .     (shield currently unavailable)
rPois  .         Spirit   .     o - +0 helmet
rElec  .         Reflect  .     (no cloak)
rCorr  .         Harm     .     i - +0 pair of gloves
MR     .....                    (no boots)
Stlth  ++........               (no amulet)
                                (no ring)
                                (no ring)

@: agile
A: hooves 1, thin metallic scales 1
a: no special abilities


You were on level 4 of the Dungeon.
You were not hungry.

You visited 1 branch of the dungeon, and saw 4 of its levels.

You collected 121 gold pieces.

Inventory:

Hand Weapons
 a - a +2 shortbow (weapon)
 b - a +0 short sword
 p - a +0 war axe
Missiles
 j - 132 stones (quivered)
Armour
 c - a +0 leather armour
 i - a +0 pair of gloves (worn)
 l - a +0 ring mail
 o - a +0 helmet (worn)
 v - a +2 ring mail of cold resistance (worn)
Magical Staves
 u - an uncursed staff of power
Wands
 w - a wand of heal wounds (3/9)
 x - a wand of iceblast (4/15)
Scrolls
 e - 2 scrolls of enchant weapon
 k - a scroll of recharging
 q - a scroll of immolation {unknown}
 s - a scroll of random uselessness {unknown}
 t - 2 scrolls of fog {unknown}
Potions
 g - a potion of curing
 h - a potion of haste {unknown}
 n - a potion of brilliance {unknown}
 z - a potion of invisibility {unknown}
Comestibles
 f - 2 bread rations
 r - a meat ration
 A - 2 chunks of flesh


   Skills:
 + Level 3.6 Fighting
 + Level 6.1 Bows
 - Level 1.7 Dodging
 - Level 0.8 Stealth


You had 5 spell levels left.
You didn't know any spells.

Dungeon Overview and Level Annotations

Branches:
Dungeon (4/15)
 Temple: D:4-7

Altars:
Okawaru
Xom
Zin

Annotations:
D:3 BigBall's ghost, amateur GrEE


Innate Abilities, Weirdness & Mutations

You have large cloven feet.
You are partially covered in thin metallic scales. (AC +2)


Message History

The orc priest closely misses you.
Throwing (i - inventory):
j - 134 stones (quivered)
Press: ? - help, Shift-Dir - straight line, f/p - orc priest
Aim: an orc priest, wearing a scale mail (severely wounded)
You throw a stone.
The stone hits the orc priest but does no damage.
The orc priest is severely wounded.
The orc wizard misses you.
The orc priest begins to cast a cantrip, but forgets the words!
The orc hits you but does no damage.
Throwing (i - inventory):
j - 133 stones (quivered)
Press: ? - help, Shift-Dir - straight line, f/p - orc priest
Aim: an orc priest, wearing a scale mail (severely wounded)
You throw a stone.
The stone hits the orc priest but does no damage.
The orc priest is severely wounded.
The orc wizard hits you but does no damage.
The orc priest mumbles some strange prayers to Beogh against you.
Beogh smites you!
You die...

.....###.....o<....###
....## #............#
#..#######... .......## #
#.......# #### #.(#...#.##
#.#####.......# #(#......##
...######## #..##(.........
...#..(.(.# #).oo.........
..........# ###oo#........
...........#####@o#........
...#....#...(..)###........
##.#...###(.(#)..###.......
#......(....)#..# .......
#...#.).).#((#..# ......>
#..##.._..##.##.# ######
#...#.).).#..# ##
#............#
###...###...##


You could see an orc priest, an orc wizard and 3 orcs.

Vanquished Creatures
  A scorpion (D:4)
  A hound (D:4)
  2 orc wizards (D:4)
  A worker ant (D:4)
  5 adders
  A shadow imp (D:3)
  2 oozes (D:1)
  3 worms
  2 dart slugs
  A leopard gecko (D:1)
  2 orcs (D:4)
  3 ball pythons
  3 bats
  A giant cockroach (D:1)
  5 hobgoblins
  8 jackals
  7 kobolds
  2 quokkas
  4 frilled lizards
  6 goblins
  8 rats
68 creatures vanquished.

Notes
Turn   | Place    | Note
-------+----------+-------------------------------------------
     0 | D:1      | Jraekied the Demonspawn Hunter began the quest for the Orb.
     0 | D:1      | Reached XP level 1. HP: 16/16 MP: 1/1
   460 | D:1      | Reached skill level 4 in Bows
   460 | D:1      | Gained mutation: You are partially covered in thin metallic scales. (AC +2) [demonic ancestry]
   460 | D:1      | Reached XP level 2. HP: 18/22 MP: 2/2
   802 | D:1      | Gained mutation: You have large cloven feet. [demonic ancestry]
   802 | D:1      | Reached XP level 3. HP: 24/27 MP: 3/3
  1174 | D:2      | Reached skill level 5 in Bows
  1264 | D:2      | Reached XP level 4. HP: 27/33 MP: 4/4
  2108 | D:3      | Noticed BigBall's ghost (amateur GrEE)
  2455 | D:4      | Reached XP level 5. HP: 19/39 MP: 5/5
  2487 | D:4      | Found a glowing silver altar of Zin.
  2487 | D:4      | Found a shimmering altar of Xom.
  2487 | D:4      | Noticed an angel
  2622 | D:4      | Found an iron altar of Okawaru.
  2985 | D:4      | Reached skill level 6 in Bows
  2985 | D:4      | Reached XP level 6. HP: 14/47 MP: 6/6
  3105 | D:4      | Killed from afar by an orc priest

Skill      XL: |  1  2  3  4  5 |
---------------+----------------+-----
Bows           | 4 5 6 |  6.1
Fighting       | 3 |  3.6
Dodging        | |  1.7
Stealth        | |  0.8

Action                   |  1- 3 |  4- 6 || total
-------------------------+-------+-------++-------
Melee: Short sword       |   112 |   118 ||   230
       Kick              |     8 |    17 ||    25
 Fire: Shortbow          |    27 |    82 ||   109
Throw: Stone             |     2 |    11 ||    13
  Use: Scroll            |       |     3 ||     3
       Potion            |       |     2 ||     2
  Eat: Chunk             |     1 |     6 ||     7
Armor: Leather armour    |    24 |       ||    24
       Ring mail         |    24 |    86 ||   110
Dodge: Dodged            |    96 |   108 ||   204
